Map: Tours du crépuscule

Players

zidar - Winner!

  • Race: Zerg Zerg
  • League: Silver
  • Spawn Location: 1:00

Drrrrrra

  • Race: Zerg Zerg
  • League: Silver
  • Spawn Location: 7:00

VOD

Have the link to the VOD?

Description

Time

  • Played on: Feb. 6, 2016, 2:26 p.m.
  • Length: 12:36
Show
View Real Time Build Order
Export as new Build Order

zidar Zerg - Winner!

Build Orders: Pool First 

Get SALT Encoding   

  12  0:01  Drone  
  13  0:12  Overlord  
  13  0:17  Drone  
  14  0:30  Drone x2  
  14  0:34  Drone  
  17  0:49  Spawning Pool, Drone  
  17  1:15  Hatchery  
  17  1:16  Drone  
  17  1:20  Extractor, Drone  
  16  1:41  Spine Crawler  
  16  1:42  Zergling x6  
  18  1:55  Overlord  
  18  2:07  Zergling x2  
  19  2:18  Zergling x2  
  20  2:35  Zergling x2  
  20  2:36  Zergling x2  
  21  2:55  Zergling x6  
  21  2:56  Zergling x2  
  20  3:05  Zergling x2  
  20  3:08  Zergling x2  
  20  3:09  Zergling x2  
  19  3:30  Zergling x2  
  19  3:31  Zergling x6  
  23  3:39  Queen  
  25  3:42  Roach Warren  
  24  3:54  Metabolic Boost  
  24  4:03  Zergling x2  
  24  4:04  Zergling x10  
  25  4:36  Zergling x8  
  26  4:49  Queen  
  28  5:02  Roach x3  
  28  5:05  Overlord  
  28  5:06  Overlord  
  34  5:33  Roach x5  
  36  6:04  Roach  
  36  6:05  Roach x4  
  44  6:18  Roach x3  
  50  6:48  Extractor  
  50  6:50  Drone x3  
  52  7:05  Overlord x3  
  32  8:10  Roach x11  
  42  8:52  Drone x6  
  48  9:03  Lair  
  26  9:46  Drone x14  
  40  9:54  Extractor  
  40  9:55  Extractor  
  39  10:07  Drone x2  
  39  10:08  Drone  
  39  10:13  Spire  
  40  11:24  Mutalisk x10  
  60  11:40  Mutalisk x2  
  64  11:56  Mutalisk  
  67  12:01  Zergling x8  
  67  12:02  Hatchery, Zergling x14  
Show
View Real Time Build Order
Export as new Build Order

Drrrrrra Zerg 

Build Orders: 1 Base Baneling Bust, Pool First 

Get SALT Encoding   

  12  0:01  Drone  
  13  0:18  Extractor  
  12  0:27  Spawning Pool  
  11  0:28  Drone  
  11  0:35  Drone  
  13  0:37  Drone  
  14  0:46  Overlord  
  14  1:15  Zergling x2  
  14  1:16  Zergling x4  
  17  1:23  Metabolic Boost  
  17  1:28  Zergling x2  
  18  1:54  Zergling x2  
  18  1:55  Baneling Nest  
  18  1:56  Zergling x2  
  18  1:58  Queen  
  21  2:05  Zergling x2  
  22  2:33  Overlord  
  22  2:41  Baneling x3  
  22  2:42  Baneling  
  20  3:09  Zergling x2  
  20  3:10  Zergling x4  
  19  3:39  Baneling x3  
  19  3:45  Zergling x6  
  18  4:44  Drone  
  18  4:45  Roach Warren, Zergling x2  
  17  4:46  Zergling x8  
  20  4:59  Zergling x2  
  21  5:05  Baneling  
  21  5:06  Baneling x3  
  21  5:11  Drone x2  
  21  5:12  Drone x2  
  25  5:19  Spine Crawler  
  24  5:26  Drone  
  24  5:27  Spine Crawler  
  17  6:10  Roach  
  17  6:11  Roach x3  
  25  6:12  Queen  
  27  6:26  Roach  
  27  6:31  Hatchery  
  28  6:33  Overlord  
  28  6:41  Drone  
  29  6:53  Queen  
  31  6:55  Ravager x2  
  31  6:57  Roach  
  35  7:03  Roach  
  37  7:09  Extractor  
  37  7:11  Drone  
  34  7:23  Zergling x4  
  34  7:24  Zergling x4  
  30  7:38  Roach  
  27  7:49  Roach x2  
  21  8:06  Roach x3  
  23  8:25  Zergling x2  
  23  8:26  Zergling x8  
  21  8:36  Zergling x2  
  21  8:37  Zergling x2  
  23  8:49  Zergling x6  
  26  9:04  Ravager  
  26  9:09  Overlord  
  17  9:46  Roach x2  
  21  10:03  Queen  
  23  10:18  Ravager  
  24  10:25  Queen  
  26  10:33  Drone  
  27  10:54  Drone  
  27  10:55  Drone x2  
  30  11:04  Drone x2  
  32  11:08  Drone  
  33  11:14  Drone  
  34  11:28  Drone x3  
  37  11:50  Drone  
  37  11:51  Drone x6  
  44  11:58  Drone x2  
  46  12:04  Roach  
  46  12:05  Roach  
  50  12:10  Overlord  
  47  12:28  Spore Crawler x2  
  38  12:30  Spore Crawler  
Tags
 
Add a new tag
Caveats
  • Supply blocks, unpowered buildings, or Contaminate may cause inaccurate times.
  • Supply counts are checked every 10 seconds.